 Dungeon Crawl Stone Soup version 0.28.0 (webtiles) character file.

Game seed: 10430284756325025091

24794 PoweredByGinger the Severer (level 12, -1/150 HPs)
             Began as a Demonspawn Gladiator on Feb 10, 2022.
             Was a High Priest of Okawaru.
             Slain by a seven-headed hydra (8 damage)
             ... on level 4 of the Lair of Beasts.
             The game lasted 00:31:21 (22591 turns).

PoweredByGinger the Severer (Demonspawn Gladiator) Turns: 22591, Time: 00:31:22

Health: -1/150     AC: 26    Str: 20    XL:     12   Next: 83%
Magic:  18/18      EV:  2    Int: 10    God:    Okawaru [*****.]
Gold:   934        SH:  0    Dex: 16    Spells: 11/11 levels left

rFire   . . .      SeeInvis +   b - +1 whip (elec)
rCold   . . .      Faith    .   (no shield)
rNeg    . . .      Spirit   .   (armour currently unavailable)
rPois   +          Reflect  .   (helmet currently unavailable)
rElec   .          Harm     .   (cloak currently unavailable)
rCorr   .          Rampage  .   (gloves currently unavailable)
Will    .....      NoTele   +   (boots currently unavailable)
Stlth   +.........              i - amulet of the acrobat
HPRegen 0.35/turn               v - +4 ring of slaying
MPRegen 0.16/turn               f - ring of poison resistance

@: confused, tree-form, heroic, ambrosia-drunk, attractive
A: stationary, stasis, torment immunity, boosted hp, (antennae 2), repulsion
field 2, foul stench 1, powered by pain 2, see invisible, robust 1, strong 1
a: Renounce Religion, Heroism, Finesse, Duel


You were on level 4 of the Lair of Beasts.
You worshipped Okawaru.
Okawaru was extremely pleased with you.
You were a tree.
You visited 3 branches of the dungeon, and saw 17 of its levels.

You collected 934 gold pieces.

Inventory:

Hand Weapons
 a - a +3 war axe of freezing
 b - a +1 whip of electrocution (weapon)
Missiles
 g - 425 arrows
 k - 6 boomerangs (quivered)
 l - 111 bolts
 q - 46 poisoned darts
 E - 16 atropa-tipped darts
 Q - 3 datura-tipped darts
Armour
 r - a +1 plate armour (melded)
 B - a +2 pair of boots (melded)
 I - the +0 cloak "Fiviq" (melded) {rElec rF+}
   (You acquired it on level 5 of the Dungeon)

   rF:        It protects you from fire.
   rElec:     It insulates you from electricity.
 K - a +0 hat of stealth (melded)
Jewellery
 f - a ring of poison resistance (right branch)
 i - an amulet of the acrobat (around neck)
 v - a +4 ring of slaying (left branch)
 z - a ring of flight
 L - a ring of willpower
 P - a +4 ring of evasion
Wands
 d - a wand of iceblast (11)
 u - a wand of flame (15)
 G - a wand of paralysis (4)
Scrolls
 h - 4 scrolls of enchant armour
 n - 2 scrolls of vulnerability
 o - a scroll of enchant weapon
 p - 5 scrolls of torment
 s - a scroll of magic mapping
 y - 2 scrolls of silence
 C - 2 scrolls of teleportation {unknown}
 D - a scroll of amnesia
 H - 5 scrolls of identify
 J - a scroll of brand weapon
 N - 3 scrolls of fog
Potions
 e - a potion of ambrosia
 j - 2 potions of might
 m - a potion of berserk rage {unknown}
 t - a potion of cancellation {unknown}
 w - 6 potions of curing {unknown}
 A - 2 potions of attraction
 F - a potion of brilliance {unknown}
 O - a potion of haste {unknown}


   Skills:
 + Level 7.2(12.2) Fighting
 * Level 16.8(21.8) Axes
 - Level 1.7(6.7) Throwing
 + Level 6.7(11.7) Armour
 - Level 2.6(7.6) Dodging
 - Level 8.1 Invocations


You had 11 spell levels left.
You didn't know any spells.
Your spell library contained the following spells:

 Spells                   Type           Power      Damage    Failure   Level
 Beastly Appendage        Tmut           0%         N/A       36%         1
 Pain                     Necr           0%         1d4       36%         1
 Ensorcelled Hibernation  Hex/Ice        0%         N/A       50%         2
 Passwall                 Tmut/Erth      0%         N/A       50%         2
 Wereblood                Tmut           0%         N/A       50%         2
 Dazzling Flash           Conj/Hex       0%         N/A       75%         3
 Portal Projectile        Hex/Tloc       0%         N/A       75%         3
 Spider Form              Tmut/Pois      0%         N/A       75%         3
 Swiftness                Air            0%         N/A       75%         3
 Vampiric Draining        Necr           0%         2d6       75%         3
 Cause Fear               Hex            0%         N/A       98%         4
 Leda's Liquefaction      Hex/Erth       0%         N/A       98%         4
 Agony                    Necr           0%         N/A       100%        5
 Blade Hands              Tmut           0%         N/A       100%        5
 Excruciating Wounds      Necr           0%         N/A       100%        5
 Silence                  Hex/Air        0%         N/A       100%        5
 Eringya's Noxious Bog    Tmut/Pois      0%         N/A       100%        6
 Iron Shot                Conj/Erth      0%         9d1       100%        6
 Dragon Form              Tmut           0%         N/A       100%        7
 Animate Skeleton         Necr           Unusable   N/A       N/A         1
 Call Canine Familiar     Summ           Unusable   N/A       N/A         3
 Animate Armour           Summ/Erth      Unusable   N/A       N/A         4
 Summon Forest            Summ/Tloc      Unusable   N/A       N/A         5
 Summon Hydra             Summ           Unusable   N/A       N/A         7
 Dragon's Call            Summ           Unusable   N/A       N/A         9

Dungeon Overview and Level Annotations

Branches:
Dungeon (11/15)            Temple (1/1) D:5            Lair (5/6) D:8
  Swamp (0/4) Lair:4       Spider (0/4) Lair:2          Orc (0/2) D:9
  Slime: Lair:5-6

Altars:
Ashenzari
Cheibriados
Dithmenos
Elyvilon
Fedhas
Gozag
Hepliaklqana
Kikubaaqudgha
Makhleb
Nemelex Xobeh
Okawaru
Qazlal
Ru
Sif Muna
Trog
Uskayaw
Vehumet
Wu Jian
Xom
Yredelemnul
Zin
The Shining One

Annotations:
D:4 1 runed translucent door, Crazy Yiuf, Dowan, Duvessa, Grinder
D:6 exclusion: upstairs
D:10 exclusion: 4 downstairs
Lair:2 exclusion: oklob plant


Innate Abilities, Weirdness & Mutations

You are a tree.
Your roots penetrate the ground, keeping you stationary.
You cannot be teleported.
You are immune to unholy pain and torment.
Your maximum health is greatly increased.
Your equipment is partially melded.
((You have a pair of antennae on your head.))
You are surrounded by a moderate repulsion field. (EV +3)
You may rarely emit foul miasma when damaged in melee.
You sometimes gain power by taking damage.
You have supernaturally acute eyesight. (SInv)
You are robust. (+10% HP)
Your muscles are strong. (Str +2)


Message History

It is a scroll of brand weapon.
Your +3 war axe is covered with a thin layer of ice!
a - a +3 war axe of freezing The seven-headed hydra is attracted toward you.
As you read the scroll labelled LASAC DEXTU, it crumbles to dust.
You cannot blink because you are held in place by your roots.
It was a scroll of blinking.
The seven-headed hydra is attracted toward you.
Okay, then.
Unknown command.
Okay, then.
Okay, then.
Unknown command.
It was a potion of ambrosia.
You are confused.
You feel invigorated.
The seven-headed hydra is attracted toward you.
You cannot move. (Use ctrl+direction or * direction to attack without moving.) Unknown command.
Unknown command.
You swing at nothing.
You swing at nothing.
The seven-headed hydra is attracted toward you.
You cannot move. (Use ctrl+direction or * direction to attack without moving.)
You cannot move. (Use ctrl+direction or * direction to attack without moving.)
You swing at nothing.
You are too injured to fight recklessly!
You are too injured to fight recklessly!
You cannot move. (Use ctrl+direction or * direction to attack without moving.)
You hit the seven-headed hydra.
Your attack snaps the seven-headed hydra out of its fear.
The seven-headed hydra is moderately wounded.
The seven-headed hydra bites you but does no damage.
The seven-headed hydra bites you.
* * * LOW HITPOINT WARNING * * *
The seven-headed hydra bites you.
* * * LOW HITPOINT WARNING * * *
The seven-headed hydra bites you but does no damage. x2
The seven-headed hydra bites you!
You die...

##.......P.............
######.#..............(....#
#.#...................#.#...
######.........P.....##.........#
..............÷...#####.......[..
#............#...#### ###.#......
##.##...........#.#.###.#........
#...#.......#...#....#...........
.........#......♣...............#
....#..#.#.....D.............####
...#...##.....§..........#.#.#
.........................###.#
...(........#.#..........###.####
......#...######...(##.#..##....#
.....#....# #...####..........
..#..#.#### ##### ##.........
..####.# ##..#.P...


You could see a seven-headed hydra.

Vanquished Creatures
  2 hydras
  A boulder beetle (Lair:4)
  2 death yaks
  An orb spider (Lair:2)
  7 elephants
  Maurice (D:8)
  3 black mambas
  A molten gargoyle (Lair:2)
  5 komodo dragons
  12 cane toads
  A rime drake (Lair:3)
  A kobold demonologist (D:10)
  2 polar bears
  A hornet (D:10)
  A troll (D:6)
  A tyrant leech (Lair:4)
  A blink frog (Lair:4)
  Sigmund (D:4)
  A shadow (D:10)
  4 wyverns
  A wraith (D:10)
  13 yaks
  A fire elemental (Lair:2)
  A basilisk (Lair:4)
  Grum (D:8)
  A swamp worm (Lair:4)
  An acid dragon (D:10)
  9 water moccasins
  A hornet zombie (D:8)
  4 orc warriors
  2 ice beasts
  2 necrophages
  6 black bears
  25 wolves
  5 centaurs
  5 kobold brigands
  3 bullfrogs
  A gnoll sergeant (D:7)
  2 scorpions
  2 howler monkeys
  4 centaur zombies
  A bullfrog zombie (D:5)
  3 bullfrog skeletons (D:6)
  4 hounds
  4 jellies
  3 gnoll shamans
  7 orc priests
  3 centaur skeletons
  8 iguanas
  6 orc wizards
  Natasha (thrice) (D:2)
  A hound zombie (D:5)
  A howler monkey zombie (D:10)
  8 adders
  18 gnolls
  2 howler monkey skeletons (D:7)
  A shadow imp (D:6)
  3 white imps
  An ufetubus (D:5)
  2 worms
  4 dart slugs
  25 orcs
  8 endoplasms
  3 giant cockroaches
  5 goblins
  8 hobgoblins
  9 jackals
  5 quokkas
  9 ball pythons
  3 bats (D:1)
  3 frilled lizards
  26 kobolds
  9 rats
335 creatures vanquished.

Vanquished Creatures (others)
  14 fungi
  12 plants
  8 toadstools (Lair:5)
34 creatures vanquished.

Grand Total: 369 creatures vanquished

Notes
Turn   | Place    | Note
-------+----------+-------------------------------------------
     0 | D:1      | PoweredByGinger the Demonspawn Gladiator began the quest
                  | for the Orb.
     0 | D:1      | Reached XP level 1. HP: 16/16 MP: 1/1
    75 | D:1      | Reached skill level 3 in Axes
    93 | D:1      | Gained mutation: You have a pair of small antennae on your
                  | head. [demonic ancestry]
    93 | D:1      | Reached XP level 2. HP: 13/22 MP: 2/2
   508 | D:1      | Gained mutation: You have a pair of antennae on your head.
                  | [demonic ancestry]
   508 | D:1      | Reached XP level 3. HP: 16/27 MP: 3/3
   754 | D:1      | Reached skill level 4 in Axes
  1137 | D:1      | Found a faded altar of an unknown god.
  1179 | D:2      | Noticed Natasha
  1189 | D:2      | Killed Natasha
  1190 | D:2      | Gained mutation: You may rarely emit foul miasma when
                  | damaged in melee. [demonic ancestry]
  1190 | D:2      | Reached XP level 4. HP: 15/33 MP: 4/4
  1399 | D:2      | Noticed Natasha
  1406 | D:2      | Killed Natasha
  1407 | D:2      | Reached skill level 5 in Axes
  1963 | D:4      | Noticed Sigmund
  1971 | D:4      | Killed Sigmund
  1972 | D:4      | Reached skill level 6 in Axes
  1972 | D:4      | Reached XP level 5. HP: 36/38 MP: 5/5
  1972 | D:4      | Gained mutation: You are surrounded by a mild repulsion
                  | field. (EV +2) [demonic ancestry]
  1972 | D:4      | Reached XP level 6. HP: 41/44 MP: 6/6
  2086 | D:2      | Noticed Natasha
  2094 | D:2      | Killed Natasha
  3136 | D:3      | Gained mutation: You are somewhat resistant to further
                  | mutation. [potion of mutation]
  3136 | D:3      | Gained mutation: You tend to lose your temper in combat.
                  | [potion of mutation]
  4126 | D:4      | Noticed Grinder
  4136 | D:4      | Paralysed by Grinder for 2 turns
  4543 | D:4      | Noticed Duvessa
  4543 | D:4      | Noticed Dowan
  4557 | D:5      | Entered Level 5 of the Dungeon
  4594 | D:5      | Reached skill level 7 in Axes
  4594 | D:5      | Gained mutation: You sometimes gain a little power by
                  | taking damage. [demonic ancestry]
  4594 | D:5      | Reached XP level 7. HP: 28/52 MP: 7/7
  4594 | D:5      | Lost mutation: You are somewhat resistant to further
                  | mutation. [potion of mutation]
  4594 | D:5      | Lost mutation: You tend to lose your temper in combat.
                  | [potion of mutation]
  4594 | D:5      | Gained mutation: Your muscles are strong. (Str +2) [potion
                  | of mutation]
  4594 | D:5      | Gained mutation: You are robust. (+10% HP) [potion of
                  | mutation]
  4594 | D:5      | Gained mutation: You have supernaturally acute eyesight.
                  | (SInv) [potion of mutation]
  4789 | D:5      | Noticed a two-headed ogre
  5128 | D:5      | Found a staircase to the Ecumenical Temple.
  5623 | D:6      | Reached skill level 8 in Axes
  5710 | D:5      | Identified a scroll of acquirement
  5710 | D:5      | Acquired the +0 cloak "Fiviq" {rElec rF+}
  5717 | D:5      | Gained mutation: You are surrounded by a moderate repulsion
                  | field. (EV +3) [demonic ancestry]
  5717 | D:5      | Reached XP level 8. HP: 27/66 MP: 8/8
  5724 | D:5      | Reached skill level 1 in Armour
  6150 | Temple   | Entered the Ecumenical Temple
  6234 | Temple   | Became a worshipper of Warmaster Okawaru
  6429 | D:4      | Reached skill level 9 in Axes
  6483 | D:4      | Found a runed translucent door.
  6484 | D:4      | Noticed Crazy Yiuf
  6624 | D:4      | Found a shimmering blue altar of Sif Muna.
  7187 | D:6      | Noticed a troll
  7198 | D:6      | Killed a troll
  7198 | D:6      | Reached * piety under Okawaru
  7202 | D:6      | Gained mutation: You sometimes gain power by taking damage.
                  | [demonic ancestry]
  7202 | D:6      | Reached XP level 9. HP: 60/71 MP: 9/9
  7294 | D:6      | Reached skill level 10 in Axes
  9324 | D:7      | Reached skill level 11 in Axes
  9978 | D:7      | Reached ** piety under Okawaru
 10304 | D:8      | Noticed Grum
 10316 | D:8      | Killed Grum
 10956 | D:8      | Noticed Maurice
 10966 | D:8      | Killed Maurice
 10967 | D:8      | Reached skill level 12 in Axes
 10967 | D:8      | Reached XP level 10. HP: 43/80 MP: 10/10
 11182 | D:8      | Found a staircase to the Lair.
 12133 | D:9      | Reached *** piety under Okawaru
 12556 | D:9      | Found a staircase to the Orcish Mines.
 12701 | D:9      | Noticed a centaur warrior
 12702 | D:9      | Noticed a cyclops
 12732 | D:9      | Reached skill level 13 in Axes
 13552 | D:10     | Entered Level 10 of the Dungeon
 13679 | D:10     | Noticed a soul eater
 13681 | D:10     | Noticed a rust devil
 13694 | D:10     | Noticed a rust devil
 14030 | D:10     | Reached **** piety under Okawaru
 14044 | D:10     | Reached skill level 14 in Axes
 14372 | D:10     | Reached ***** piety under Okawaru
 14723 | D:11     | Noticed an eight-headed hydra
 14723 | D:11     | Noticed a deep elf pyromancer
 14723 | D:11     | Noticed a cyclops
 14723 | D:11     | Found the +2 shield of Resistance {rF++ rC++ Will++}
 14725 | D:11     | Noticed a purple ugly thing
 14725 | D:11     | Noticed a centaur warrior
 14892 | Lair:1   | Entered Level 1 of the Lair of Beasts
 14927 | Lair:1   | Reached XP level 11. HP: 77/85 MP: 11/11
 16234 | Lair:2   | Noticed an oklob plant
 16294 | Lair:1   | Reached skill level 15 in Axes
 16592 | Lair:2   | Received a gift from Okawaru
 17238 | Lair:2   | Found a hole to the Spider Nest.
 17238 | Lair:2   | Noticed an orb spider
 17509 | Lair:2   | Killed an orb spider
 17510 | Lair:2   | Reached skill level 5 in Invocations
 18622 | Lair:3   | Reached skill level 5 in Fighting
 18753 | Lair:3   | Reached XP level 12. HP: 83/94 MP: 18/18
 18851 | Lair:3   | Reached skill level 5 in Armour
 19565 | Lair:3   | Noticed a five-headed hydra
 19575 | Lair:3   | Killed a five-headed hydra
 20042 | Lair:4   | Reached skill level 16 in Axes
 20410 | Lair:4   | Received a gift from Okawaru
 20836 | Lair:4   | Noticed a boulder beetle
 21083 | Lair:4   | Killed a boulder beetle
 21125 | Lair:4   | Found a staircase to the Swamp.
 21642 | Lair:4   | Noticed a death yak
 21645 | Lair:4   | Noticed a death yak
 21691 | Lair:3   | Killed a death yak
 21714 | Lair:4   | Killed a death yak
 22088 | Lair:5   | Noticed a boulder beetle
 22131 | Lair:5   | Noticed a six-headed hydra
 22140 | Lair:4   | Killed a six-headed hydra
 22308 | Lair:5   | Received a gift from Okawaru
 22567 | Lair:5   | Noticed a seven-headed hydra
 22568 | Lair:5   | Noticed a death yak
 22583 | Lair:4   | HP: 1/150 [seven-headed hydra (7)]
 22591 | Lair:4   | HP: 7/150 [seven-headed hydra (4)]
 22591 | Lair:4   | Slain by a seven-headed hydra

Illustrated notes

Levels and vault maps discovered:
D:1:      sevenhm_arrival_forest_fort_small_5, layout_loops_cross,
          shapermc_ecumenical_altar_mp_urbaneastern, minmay_tetromino_t4
D:2:      layout_loops_ring, minmay_liquid_box, uniq_natasha
D:3:      layout_loops_cross
D:4:      layout_loops_corners, led_sif_pool, st_stairs_13, uniq_grinder,
          uniq_sigmund, uniq_crazy_yiuf_cottage, uniq_duvessa
D:5:      layout_loops_ring, minmay_temple_entry_glass,
          kennysheep_generic_room_12
D:6:      minmay_chambers_of_fours, layout_loops_cross,
          chequers_decorated_corner, minmay_increasing_density
D:7:      minmay_inner_zag, layout_cave_pods
D:8:      layout_loops_cross, lair_entry_dummy, uniq_grum, uniq_maurice
D:9:      layout_rooms, hiddenorc1_lemuel, lightli_corner_chamber
D:10:     minmay_skewed_foursquare, layout_basic
D:11:     minmay_ambush_box, layout_loops_ring
Temple:   grunt_wide_crystal_templ
Lair:1:   layout_long_grid
Lair:2:   hellmonk_warped_wall, layout_gridlike,
          nicolae_spider_entry_orb_guardian
Lair:3:   layout_regular_city, st_stairs_13, minmay_lindwurm_lava
Lair:4:   layout_misc_corridors, minmay_swamp_entry_worms, beast_lair_carwin_9
Lair:5:   gammafunk_lair_enchanted_lake, layout_regular_city,
          nicolae_slime_entry_slimehenge, infiniplex_staircase_pool_2

Skill      XL: |  1  2  3  4  5  6  7  8  9 10 11 12 |
---------------+-------------------------------------+-----
Axes           | 3 4 6 7 8 9 12 14 15 16 | 16.8
Fighting       | 3 4 5 7 |  7.2
Armour         | 3 4 6 |  6.7
Invocations    | 8 |  8.1
Throwing       | |  1.7
Dodging        | |  2.6

Action                   |  1- 3 |  4- 6 |  7- 9 | 10-12 || total
-------------------------+-------+-------+-------+-------++-------
Melee: War axe           |    74 |   175 |   427 |   647 ||  1323
       Punch             |     1 |     1 |     8 |    13 ||    23
       Whip              |       |       |       |    17 ||    17
Throw: Throwing net      |       |     3 |     3 |       ||     6
       Dart              |       |       |     4 |       ||     4
       Boomerang         |       |       |       |    13 ||    13
Invok: Heroism           |       |       |       |     4 ||     4
       Finesse           |       |       |       |     2 ||     2
Evoke: Wand              |       |       |     4 |     5 ||     9
  Use: Scroll            |       |     3 |     6 |     7 ||    16
       Potion            |       |     1 |     6 |     4 ||    11
 Stab: Held in net/web   |       |     1 |       |       ||     1
Armor: Leather armour    |     8 |       |       |       ||     8
       Scale mail        |    32 |    17 |       |       ||    49
       Plate armour      |       |   110 |   276 |   325 ||   711
       Skin              |       |       |    16 |    23 ||    39
Dodge: Dodged            |    70 |   101 |   210 |   306 ||   687
